 Dungeon Crawl Stone Soup version 0.28-a0-1404-g4df0f3684d (webtiles) character file.

Game seed: 14553904976108198931

5845 HallandMoats the Lightning Rod (level 10, 0/71 (79) HPs)
             Began as a Demonspawn Fighter on Jan 5, 2022.
             Was a Follower of Qazlal.
             Slain by a wight (7 damage)
             ... on level 9 of the Dungeon.
             The game lasted 00:14:33 (7960 turns).

HallandMoats the Lightning Rod (Demonspawn Fighter) Turns: 7960, Time: 00:14:34

HP:   0/71 (79)     AC: 13    Str: 18    XL:     10   Next: 51%
MP:   18/18         EV: 10    Int: 17    God:    Qazlal [*.....]
Gold: 545           SH:  2    Dex: 14    Spells: 9/9 levels left

rFire   . . .      SeeInvis .   a - +4 long sword
rCold   + . .      Faith    .   i - orb {light}
rNeg    . . .      Spirit   .   q - +1 chain mail {rC+}
rPois   .          Reflect  .   e - +1 helmet
rElec   .          Harm     .   (no cloak)
rCorr   +          Rampage  .   (no gloves)
Will    .....                   (no boots)
Stlth   ..........              r - amulet of regeneration
HPRegen 1.01/turn               f - +6 ring of intelligence
MPRegen 0.16/turn               g - ring of resist corrosion

@: glowing, heavily drained
A: hooves 1, ignite blood 2, sturdy frame 1, demonic magic 1
a: Renounce Religion


You were on level 9 of the Dungeon.
You worshipped Qazlal.
Qazlal was aware of your devotion.
You visited 2 branches of the dungeon, and saw 10 of its levels.
You also visited: Sewer.

You collected 545 gold pieces.

Inventory:

Hand Weapons
 a - a +4 long sword (weapon)
 b - the +2 mace of the Hundredfold Cities {antimagic, rPois Dex+2}
   (You found it on level 9 of the Dungeon)

   It reduces the magical energy of the wielder, and disrupts the spells and
   magical abilities of those it strikes.
   Natural abilities and divine invocations are not affected.
   Dex:       It affects your dexterity (+2).
   rPois:     It protects you from poison.
Armour
 c - a +0 buckler
 e - a +1 helmet (worn)
 i - an orb of light (worn)
 q - a +1 chain mail of cold resistance (worn)
Jewellery
 f - a +6 ring of intelligence (left hand)
 g - a ring of resist corrosion (right hand)
 l - a ring of ice
 r - an amulet of regeneration (around neck)
 u - a ring of flight
Wands
 n - a wand of iceblast (9)
 y - a wand of digging (3)
Scrolls
 d - 2 scrolls of fear
 h - 2 scrolls of blinking
 p - a scroll of fog
 s - 2 scrolls of enchant weapon
 v - a scroll of identify
 x - a scroll of amnesia
Potions
 j - 2 potions of mutation
 k - a potion of heal wounds
 m - a potion of haste {unknown}
 o - 2 potions of brilliance
 t - a potion of resistance {unknown}
 w - a potion of might
 z - a potion of curing


   Skills:
 + Level 7.0 Fighting
 + Level 5.9 Long Blades
 + Level 6.3 Armour
 + Level 5.5 Dodging
 - Level 4.4 Shields
 * Level 11.6 Invocations


You had 9 spell levels left.
You didn't know any spells.
Your spell library contained the following spells:

 Spells                   Type           Power      Damage    Failure   Level
 Shock                    Conj/Air       0%         1d3       80%         1
 Summon Small Mammal      Summ           0%         N/A       80%         1
 Scorch                   Fire           0%         2d5       91%         2
 Call Canine Familiar     Summ           0%         N/A       99%         3
 Summon Guardian Golem    Hex/Summ       0%         N/A       99%         3
 Swiftness                Air            0%         N/A       99%         3
 Airstrike                Air            0%         N/A       100%        4
 Flame Wave               Conj/Fire      0%         2d4       100%        4
 Fulminant Prism          Conj/Hex       0%         3d6       100%        4
 Death Channel            Necr           0%         N/A       100%        6
 Summon Cactus Giant      Summ           0%         N/A       100%        6
 Borgnjor's Revivificati  Necr           0%         N/A       100%        8


Dungeon Overview and Level Annotations

Branches:
Dungeon (9/15)             Temple (1/1) D:6           Sewer (visited)
   Lair: D:8-11         Orc: D:9-12

Altars:
Ashenzari
Cheibriados
Dithmenos
Elyvilon
Hepliaklqana
Kikubaaqudgha
Makhleb
Nemelex Xobeh
Okawaru
Qazlal
Ru
Sif Muna
Trog
Uskayaw
Vehumet
Wu Jian
Xom
Yredelemnul
Zin
The Shining One

Shops:
D:4 **


Innate Abilities, Weirdness & Mutations

You have large cloven feet.
Your demonic aura often causes spilled blood to erupt in flames.
Your movements are slightly less encumbered by armour. (ER -2)
Spells you cast may paralyse adjacent enemies.


Message History

You feel drained. The wight freezes you.
You hit the wight. You kick the wight, but do no damage.
The wight is moderately damaged.
The wight hits you from afar with a +3 halberd of freezing.
You feel drained. The wight hits you with a +4 dagger.
You feel drained.
You hit the wight but do no damage. You kick the wight, but do no damage.
The wight is moderately damaged.
The wight closely misses you. The wight hits you with a +4 dagger!
You hit the wight.
The wight is heavily damaged.
The wight hits you from afar with a +3 halberd of freezing.
* * * LOW HITPOINT WARNING * * *
The wight freezes you.
* * * LOW HITPOINT WARNING * * *
The wight hits you but does no damage.
You slash the wight!
You destroy the wight!
Qazlal accepts your kill. The wight closely misses you.
Your Fighting skill increases to level 7!
You hit the wight but do no damage. You kick the wight, but do no damage.
You block the wight's attack. x2
You hit the wight but do no damage. You kick the wight, but do no damage.
You block the wight's attack. x2
You hit the wight but do no damage. The wight barely misses you. x2
You barely miss the wight. You block the wight's attack.
The wight closely misses you. x2
The wight hits you with a +4 great sword.
* * * LOW HITPOINT WARNING * * *
You feel drained.
* * * LOW HITPOINT WARNING * * *
You barely miss the wight. You kick the wight.
The wight is lightly damaged.
The wight barely misses you. The wight closely misses you.
You slash the wight! You kick the wight.
The wight is almost destroyed.
The wight hits you from afar with a +3 halberd of freezing!
* * * LOW HITPOINT WARNING * * *
You feel drained.
You die...

....#####.##...# #......# #...
..........##...# #......# #...
...............# #......# #...
###.>..........# #......######...
# #............# #...............
# #.......##)..# #...............
# #.......##...# #.......####....
# #.......##..z###.......# #....
# #.......##...z@........# #....
###.......##..####.......# #...#
..........##..# #.......# #...#
..........##..# #.......# #...#
.#.....z.z.z..# #.......# #...#
.#.........z..# #.......# #...#
.#............####.......# #....
.#.........#..........(..# #....
.#.........#............)####....


You could see 2 wights.

Vanquished Creatures
  2 two-headed ogres (D:9)
  Pikel (D:4)
  A kobold demonologist (D:6)
  A troll (D:6)
  A wyvern (D:8)
  A steam dragon (D:7)
  2 water moccasins
  A hornet zombie (D:6)
  An orc warrior (D:5)
  A black bear (D:6)
  An ice beast (D:6)
  A sky beast (D:5)
  A necrophage (D:7)
  3 ogres
  3 centaurs
  A phantom (D:6)
  2 bullfrogs
  4 scorpions
  18 killer bees
  10 wights
  A howler monkey (D:6)
  3 centaur zombies
  A jelly (D:6)
  An orc priest (D:8)
  A bullfrog skeleton (D:6)
  2 hounds
  2 centaur skeletons
  3 orc wizards
  A hell rat (Sewer)
  2 killer bee zombies
  A hound zombie (D:5)
  A hound skeleton (D:5)
  3 howler monkey zombies
  3 gnolls (D:7)
  A howler monkey skeleton (D:6)
  3 adders
  3 river rats (Sewer)
  An ufetubus (D:5)
  A worm (D:4)
  2 dart slugs
  13 orcs
  6 endoplasms
  5 giant cockroaches
  3 hobgoblins
  6 jackals
  4 kobolds
  5 quokkas
  6 ball pythons
  3 bats (D:1)
  5 frilled lizards
  8 goblins
  6 rats
162 creatures vanquished.

Vanquished Creatures (others)
  4 plants (D:5)
4 creatures vanquished.

Grand Total: 166 creatures vanquished

Notes
Turn   | Place    | Note
-------+----------+-------------------------------------------
     0 | D:1      | HallandMoats the Demonspawn Fighter began the quest for the
                  | Orb.
     0 | D:1      | Reached XP level 1. HP: 18/18 MP: 1/1
     2 | D:1      | Noticed a merfolk
     4 | D:1      | Noticed an octopode
     4 | D:1      | Noticed a minotaur
     8 | D:1      | Noticed a human
     8 | D:1      | Noticed a troll
    10 | D:1      | Noticed a vampire
    12 | D:1      | Noticed a tengu
    12 | D:1      | Noticed a naga
    14 | D:1      | Noticed a demonspawn
    14 | D:1      | Noticed an ogre
    16 | D:1      | Noticed a dwarf
    16 | D:1      | Noticed a demigod
    18 | D:1      | Noticed a gargoyle
    18 | D:1      | Noticed a vine stalker
    20 | D:1      | Noticed a spriggan
    20 | D:1      | Noticed a formicid
    22 | D:1      | Noticed a ghoul
    22 | D:1      | Noticed an elf
    24 | D:1      | Noticed a felid
    26 | D:1      | Noticed a draconian
   109 | D:1      | Reached skill level 1 in Invocations
   194 | D:1      | Gained mutation: Your demonic aura sometimes causes spilled
                  | blood to erupt in flames. [demonic ancestry]
   194 | D:1      | Reached XP level 2. HP: 24/24 MP: 2/2
   694 | D:1      | Reached skill level 2 in Invocations
  1024 | D:2      | Reached XP level 3. HP: 24/29 MP: 4/4
  1177 | D:2      | Found a faded altar of an unknown god.
  1556 | D:2      | Reached XP level 4. HP: 33/35 MP: 6/6
  1907 | D:3      | Noticed a water moccasin
  1916 | D:3      | Killed a water moccasin
  1917 | D:3      | Reached skill level 1 in Dodging
  1917 | D:3      | Reached skill level 3 in Invocations
  1917 | D:3      | Gained mutation: Your movements are slightly less
                  | encumbered by armour. (ER -2) [demonic ancestry]
  1917 | D:3      | Reached XP level 5. HP: 29/41 MP: 7/7
  2153 | D:3      | Got the Volume of Ensnaring Dark Rites
  2355 | D:4      | Found a broken altar of Ashenzari.
  2379 | D:4      | Found Hievak's General Store.
  2381 | D:4      | Found Luuked's Specific Store.
  2476 | D:4      | Found a glowing drain.
  2479 | D:4      | Reached skill level 4 in Invocations
  2487 | Sewer    | Entered a sewer
  3205 | D:4      | Gained mutation: Spells you cast may paralyse adjacent
                  | enemies. [demonic ancestry]
  3205 | D:4      | Reached XP level 6. HP: 45/46 MP: 9/9
  3450 | D:5      | Entered Level 5 of the Dungeon
  3454 | D:5      | Noticed Pikel
  3468 | D:4      | Killed Pikel
  3469 | D:4      | Reached skill level 5 in Invocations
  3469 | D:4      | Reached XP level 7. HP: 29/54 MP: 9/11
  3616 | D:5      | Found a hazy altar of Hepliaklqana.
  3812 | D:5      | Reached skill level 6 in Invocations
  3957 | D:5      | Reached XP level 8. HP: 52/61 MP: 12/12
  4245 | D:5      | Found an ornate altar of the Wu Jian Council.
  4466 | D:6      | Found a staircase to the Ecumenical Temple.
  4479 | Temple   | Entered the Ecumenical Temple
  4637 | Temple   | Became a worshipper of Qazlal Stormbringer
  4720 | Temple   | Reached skill level 7 in Invocations
  4963 | D:6      | Noticed a troll
  4989 | D:5      | Reached skill level 5 in Fighting
  5164 | D:6      | Killed a troll
  5165 | D:6      | Reached skill level 8 in Invocations
  5207 | D:6      | Noticed a kobold demonologist
  5223 | D:6      | Noticed a red devil
  5228 | D:6      | Killed a kobold demonologist
  5229 | D:6      | Gained mutation: Your demonic aura often causes spilled
                  | blood to erupt in flames. [demonic ancestry]
  5229 | D:6      | Reached XP level 9. HP: 45/68 MP: 15/15
  5238 | D:6      | Reached skill level 5 in Armour
  5385 | D:6      | Reached skill level 9 in Invocations
  6079 | D:7      | Reached skill level 5 in Long Blades
  6450 | D:7      | Reached skill level 10 in Invocations
  6677 | D:8      | Reached * piety under Qazlal
  6970 | D:8      | Gained mutation: You have large cloven feet. [demonic
                  | ancestry]
  6970 | D:8      | Reached XP level 10. HP: 58/77 MP: 17/17
  7152 | D:8      | Reached skill level 5 in Dodging
  7349 | D:9      | Noticed a two-headed ogre
  7432 | D:9      | Identified the +2 mace of the Hundredfold Cities
                  | {antimagic, rPois Dex+2}
  7698 | D:9      | Killed a two-headed ogre
  7699 | D:9      | Reached skill level 11 in Invocations
  7851 | D:9      | Noticed a two-headed ogre
  7857 | D:9      | Killed a two-headed ogre
  7960 | D:9      | Slain by a wight

Illustrated notes

Levels and vault maps discovered:
D:1:      kb_arrival_jail, layout_basic, glass_columns_a, hangedman_glass_teeth,
          hangedman_decor_riveting, minmay_misc_feat_cross
D:2:      layout_basic, chequers_ecumenical_altar_lobes, serial_curves,
          eino_curves_02, eino_curves_01, minivault_25, minmay_strange_pillars,
          minmay_tetromino_l2
D:3:      layout_rooms, minivault_4
D:4:      layout_gridville, mainiacjoe_overflow_alcove_2, tso_metal_star,
          gup_sewer_entry_pipe, nicolae_specific_store
D:5:      nicolae_cairo_tiling_large, layout_rooms,
          nicolae_overflow_hidden_temple, nicolae_hepliaklqana_hazy_memory,
          uniq_pikel
D:6:      minmay_chambers_of_sixes, layout_rooms,
          minmay_temple_entry_drinking_statues, bh_walls_and_bars
D:7:      layout_rooms, chequers_serial_rivers_small_3
D:8:      layout_loops_ring
D:9:      layout_long_grid
Temple:   nicolae_temple_elliptical

Skill      XL: |  1  2  3  4  5  6  7  8  9 10 |
---------------+-------------------------------+-----
Invocations    | 1 2 3 4 5 6 8 10 11 | 11.6
Long Blades    | 2 3 4 5 |  5.9
Armour         | 3 4 5 6 |  6.3
Shields        | 3 4 |  4.4
Dodging        | 1 2 4 5 |  5.5
Fighting       | 4 5 6 7 |  7.0

Action                   |  1- 3 |  4- 6 |  7- 9 | 10-12 || total
-------------------------+-------+-------+-------+-------++-------
Melee: Long sword        |   106 |    83 |   264 |    81 ||   534
       Kick              |       |       |       |    23 ||    23
Evoke: Wand              |       |       |     3 |       ||     3
  Use: Potion            |       |     3 |     5 |     1 ||     9
       Scroll            |       |    10 |     9 |     1 ||    20
Armor: Scale mail        |    46 |    48 |    43 |       ||   137
       Chain mail        |       |       |    99 |    54 ||   153
       Skin              |       |       |    20 |       ||    20
Dodge: Dodged            |    52 |    75 |   197 |    60 ||   384
Block: Buckler           |    16 |       |       |       ||    16
       Orb               |       |       |     1 |     9 ||    10

Table legend: (Time is in decaauts)
 A = Elapsed time spent in this place.
 B = Non-inter-level travel time spent in this place.
 C = Inter-level travel time spent in this place.
 D = Time resting spent in this place.
 E = Time spent auto-exploring this place.
 F = Levels seen in this place.
 G = Mean time per level.
                   A        B        C        D        E       F      G
               +--------+--------+--------+--------+--------+-----+--------+
         Total |   8122 |   7844 |    278 |   1156 |   4978 |  11 |  738.4 |
       Dungeon |   7268 |   7012 |    256 |    727 |   4696 |   9 |  807.6 |
        Temple |    267 |    245 |     22 |     81 |    134 |   1 |  267.0 |
         Sewer |    587 |    587 |      0 |    348 |    147 |   1 |  587.0 |
               +--------+--------+--------+--------+--------+-----+--------+

Top non-repeatable levels by time:
     D:6: 1027 daAuts
     D:5: 1019 daAuts
     D:1: 911 daAuts
     D:2: 894 daAuts
     D:8: 832 daAuts
     D:4: 736 daAuts
     D:7: 728 daAuts
   Sewer: 587 daAuts
     D:9: 572 daAuts
     D:3: 544 daAuts
  Temple: 267 daAuts
